 Dungeon Crawl Stone Soup version 0.31-a0-819-gf6de2f5ab6 (webtiles) character file.

Game seed: 47059408737714610

588 Shayle the Trooper (level 7, -2/71 HPs)
             Began as an Ogre Hexslinger on Sept 23, 2023.
             Slain by a centaur (3 damage)
             ... on level 4 of the Dungeon.
             The game lasted 00:10:07 (4320 turns).

Shayle the Trooper (Ogre Hexslinger)                Turns: 4320, Time: 00:10:07

Health: -2/71      AC:  3    Str: 13    XL:     7   Next: 38%
Magic:  12/12      EV: 10    Int: 16    God:
Gold:   256        SH:  0    Dex: 11    Spells: 11/13 levels left

rFire   . . .        l - +4 dagger (holy)
rCold   . . .        (no shield)
rNeg    . . .        c - +0 robe
rPois   .            (helmet restricted)
rElec   .            (no cloak)
rCorr   .            (gloves unavailable)
SInv    .            (boots unavailable)
Will    .....        (no amulet)
Stlth   +            (no ring)
HPRegen 0.31/turn    (no ring)
MPRegen 0.13/turn

%: no passive effects
@: no status effects
A: large, unfitting armour, tough skin 1
a: no special abilities


You were on level 4 of the Dungeon.
You visited 1 branch of the dungeon, and saw 6 of its levels.
You also visited: Sewer.

You collected 256 gold pieces.

Inventory:

Hand Weapons
 a - a +1 sling
 g - a +2 flail of flaming
 l - a +4 dagger of holy wrath (weapon)
Missiles
 o - 2 throwing nets
Armour
 c - a +0 robe (worn)
 j - a scarf of shadows
Jewellery
 f - a ring of ice
Wands
 h - a wand of flame (26)
Scrolls
 b - 2 scrolls of identify {unknown}
 i - a scroll of revelation
 k - a scroll of poison
Potions
 d - a potion of enlightenment {unknown}
 e - 3 potions of magic
 r - 2 potions of brilliance
 s - a potion of attraction {unknown}


   Skills:
 + Level 4.6 Fighting
 - Level 1.3 Ranged Weapons
 + Level 3.5 Dodging
 + Level 3.7 Spellcasting
 - Level 2.6 Hexes
 + Level 3.1 Fire Magic
 + Level 3.4 Invocations


You had 11 spell levels left.
You knew the following spells:

 Your Spells              Type           Power      Damage    Failure   Level
a - Jinxbite              Hex            22%        N/A       9%          2

Your spell library contained the following spells:

 Spells                   Type           Power      Damage    Failure   Level
 Inner Flame              Hex/Fire       12%        N/A       16%         3
 Sigil of Binding         Hex            11%        N/A       17%         3
 Cause Fear               Hex            5%         N/A       50%         4
 Dimensional Bullseye     Hex/Tloc       3%         N/A       69%         4


Dungeon Overview and Level Annotations

Branches:
Dungeon (6/15)              Sewer (visited)
 Temple: D:4-7

Altars:
Ru
Vehumet

Annotations:
D:4 Edmund
D:5 Pikel


Innate Abilities, Weirdness & Mutations

You are too large for most types of armour.
You have tough skin. (AC +1)


Message History

The centaur shoots an arrow.
The arrow hits you.
* * * LOW HITPOINT WARNING * * *
The centaur shoots an arrow.
The arrow hits you!
* * * LOW HITPOINT WARNING * * *
You feel better.
You hit the centaur.
The centaur is lightly wounded.
The centaur unwields a +0 shortbow.
The centaur hits you.
* * * LOW HITPOINT WARNING * * *
The centaur barely misses you.
You puncture the centaur!
The centaur is moderately wounded.
The centaur barely misses you. x2; The centaur hits you.
* * * LOW HITPOINT WARNING * * *
The centaur kicks you but does no damage.
You hit the centaur.
The centaur is heavily wounded.
The centaur hits you.
* * * LOW HITPOINT WARNING * * *
The centaur barely misses you.
You hit the centaur.
The centaur is severely wounded.
The centaur hits you but does no damage.
The centaur barely misses you. x2
The centaur kicks you but does no damage.
You barely miss the centaur.
You punch the centaur, but do no damage.
The centaur is severely wounded.
The centaur hits you.
* * * LOW HITPOINT WARNING * * *
The centaur kicks you but does no damage.
You barely miss the centaur.
The centaur is severely wounded.
The centaur barely misses you. x2; The centaur hits you.
* * * LOW HITPOINT WARNING * * *
The centaur closely misses you.
You hit the centaur.
The centaur is severely wounded.
The centaur hits you.
You die...

#........
.##....
#.......
.......
#......#
.#.....
#......#
#....#
#......#
#....
#......#
#...
#......###.
#.##
###c#......
#.
#@#...##. #
#>.......
#........
#.......#
#........
#.#.#.###
##......
#.##### .#


You could see a centaur.

Vanquished Creatures
  Pargi (Sewer)
  2 ogres (D:5)
  A phantom (D:5)
  Natasha (D:4)
  An orc wizard (D:3)
  8 adders
  A gnoll (D:1)
  A river rat (D:3)
  3 worms
  3 dart slugs
  5 orcs
  12 endoplasms
  3 giant cockroaches
  4 goblins
  6 hobgoblins
  4 jackals (D:1)
  15 kobolds
  2 quokkas
  5 ball pythons
  10 bats
  5 frilled lizards
  4 rats
97 creatures vanquished.

Vanquished Creatures (others)
  An orc (D:5)
1 creature vanquished.

Grand Total: 98 creatures vanquished

Notes
Turn   | Place    | Note
-------+----------+-------------------------------------------
     0 | D:1      | Shayle the Ogre Hexslinger began the quest for the Orb.
     0 | D:1      | Reached XP level 1. HP: 19/19 MP: 2/2
    75 | D:1      | Reached skill level 1 in Fire Magic
   144 | D:1      | Reached XP level 2. HP: 13/28 MP: 4/4
   263 | D:1      | Reached skill level 2 in Fighting
   269 | D:1      | Reached skill level 1 in Invocations
   317 | D:1      | Reached XP level 3. HP: 30/35 MP: 5/5
   318 | D:1      | Found a faded altar of an unknown god.
  1202 | D:2      | Reached XP level 4. HP: 44/44 MP: 7/7
  1755 | D:3      | Found a glowing drain.
  1768 | Sewer    | Entered a sewer
  1790 | Sewer    | Learned a level 2 spell: Jinxbite
  1826 | Sewer    | Noticed Pargi
  1868 | Sewer    | Killed Pargi
  1869 | Sewer    | Reached skill level 3 in Fighting
  1869 | Sewer    | Reached XP level 5. HP: 23/53 MP: 7/9
  2116 | D:3      | Reached XP level 6. HP: 34/61 MP: 10/10
  3151 | D:4      | Noticed Edmund
  3153 | D:4      | Noticed Natasha
  3179 | D:5      | Entered Level 5 of the Dungeon
  3218 | D:5      | Reached skill level 4 in Fighting
  3395 | D:5      | Found a sacrificial altar of Ru.
  3682 | D:5      | Reached XP level 7. HP: 26/70 MP: 10/12
  4152 | D:5      | Noticed Pikel
  4185 | D:6      | Found a radiant altar of Vehumet.
  4312 | D:4      | Killed Natasha
  4319 | D:4      | HP: 1/71 [centaur (5)]
  4320 | D:4      | Slain by a centaur

Illustrated notes

Levels and vault maps discovered:
D:1:      sevenhm_arrival_forest_fort_large_2, layout_basic,
          basic_ecumenical_altar
D:2:      layout_loops_ring
D:3:      minmay_angry_zag, layout_rooms, cheibrodos_sewer_entry_sluice,
          chequers_avenue
D:4:      layout_basic, uniq_edmund, uniq_natasha
D:5:      layout_basic, nicolae_ru_awakened_eye, lemuel_temple_firewalk_b,
          biasface_ghost_orc_armoury, roderic_lattice_a,
          hangedman_decor_growths, uniq_pikel
D:6:      layout_loops_cross, vehumet_altar_wand_db,
          mainiacjoe_overflow_alcove_2, serial_shops, shop, shop_fountains,
          minmay_misc_feat_tiny, kennysheep_another_room

Skill      XL: |  1  2  3  4  5  6  7 |
---------------+----------------------+-----
Fire Magic     | 1 2 3 |  3.1
Fighting       | 2 3 4 |  4.6
Dodging        | 2 3 |  3.5
Invocations    | 1 2 3 |  3.4
Spellcasting   | 2 3 |  3.7
Ranged Weapons | |  1.3
Hexes          | |  2.6

Action                     |  1- 3 |  4- 6 |  7- 9 || total
---------------------------+-------+-------+-------++-------
  Melee: Flail             |   148 |   226 |       ||   374
         Punch             |     3 |     3 |     1 ||     7
         Dagger            |       |    11 |    31 ||    42
   Fire: Sling             |    20 |    29 |       ||    49
   Cast: Jinxbite          |       |     1 |       ||     1
  Evoke: Wand              |       |       |     3 ||     3
    Use: Potion            |       |     7 |     1 ||     8
         Scroll            |       |    11 |     1 ||    12
   Stab: Sleeping          |       |     1 |       ||     1
 Armour: Robe              |   150 |   301 |    29 ||   480
  Dodge: Dodged            |   109 |   219 |    17 ||   345

Table legend: (Time is in decaauts)
 A = Elapsed time spent in this place.
 B = Non-inter-level travel time spent in this place.
 C = Inter-level travel time spent in this place.
 D = Time resting spent in this place.
 E = Time spent auto-exploring this place.
 F = Levels seen in this place.
 G = Mean time per level.
                   A        B        C        D        E       F      G
               +--------+--------+--------+--------+--------+-----+--------+
         Total |   4481 |   4434 |     47 |    732 |   2233 |   7 |  640.1 |
       Dungeon |   4133 |   4086 |     47 |    614 |   2233 |   6 |  688.8 |
         Sewer |    348 |    348 |      0 |    118 |      0 |   1 |  348.0 |
               +--------+--------+--------+--------+--------+-----+--------+

Top non-repeatable levels by time:
     D:3: 1120 daAuts
     D:5: 1027 daAuts
     D:1: 895 daAuts
     D:2: 815 daAuts
   Sewer: 348 daAuts
     D:4: 180 daAuts
     D:6: 94 daAuts
